 Dungeon Crawl Stone Soup version 0.31-a0-455-g1a7b003ef0 (webtiles) character file.

Game seed: 7903102673615958358

161 juan097 the Digger (level 5, 0/28 HPs)
             Began as a Gargoyle Earth Elementalist on Aug 3, 2023.
             Slain by an orc
             ... wielding a +0 flail
              (2 damage)
             ... on level 4 of the Dungeon.
             The game lasted 00:05:39 (3072 turns).

juan097 the Digger (Gargoyle Earth Elementalist)    Turns: 3072, Time: 00:05:40

Health: 0/28       AC:  8    Str: 11    XL:     5   Next: 42%
Magic:  18/18      EV: 11    Int: 18    God:
Gold:   103        SH:  0    Dex: 10    Spells: 4/10 levels left

rFire   + . .        a - +0 dagger (elec)
rCold   . . .        (no shield)
rNeg    + . .        i - +0 robe
rPois   ∞            (no helmet)
rElec   +            m - +0 cloak {Stlth+}
rCorr   .            s - +0 pair of gloves
SInv    .            (no boots)
Will    .....        (no amulet)
Stlth   +++          g - ring of protection from fire
HPRegen 0.24/turn    k - ring of magical power
MPRegen 0.16/turn

%: no passive effects
@: weak-willed
A: sickness immunity, AC +4, negative energy resistance 1, electricity
resistance, torment resistance 1, petrification resistance
a: no special abilities


You were on level 4 of the Dungeon.
You visited 1 branch of the dungeon, and saw 4 of its levels.

You collected 103 gold pieces.

Inventory:

Hand Weapons
 a - a +0 dagger of electrocution (weapon)
Missiles
 t - 6 boomerangs
Armour
 i - a +0 robe (worn)
 m - a +0 cloak of stealth (worn)
 r - an orb of guile
 s - a +0 pair of gloves (worn)
Jewellery
 g - a ring of protection from fire (left hand)
 k - a ring of magical power (right hand)
Scrolls
 c - 3 scrolls of identify
 e - 2 scrolls of poison
 p - a scroll of brand weapon
Potions
 b - 3 potions of magic
 d - a potion of berserk rage {unknown}
 f - a potion of cancellation
 h - 2 potions of curing {unknown}
 j - 2 potions of enlightenment {unknown}
 o - a potion of brilliance {unknown}
 q - a potion of heal wounds {unknown}


   Skills:
 - Level 1.5 Dodging
 + Level 3.9 Stealth
 + Level 3.1 Spellcasting
 + Level 1.6 Transmutations
 + Level 4.8 Earth Magic


You had 4 spell levels left.
You knew the following spells:

 Your Spells              Type           Power      Damage    Failure   Level
a - Sandblast             Erth           40%        2d10      2%          1
b - Passwall              Tmut/Erth      11%        N/A       6%          2
c - Stone Arrow           Conj/Erth      22%        3d8       19%         3

Your spell library contained the following spells:

 Spells                   Type           Power      Damage    Failure   Level
 Freeze                   Ice            8%         1d3       16%         1
 Petrify                  Tmut/Erth      14%        N/A       38%         4
 Frozen Ramparts          Ice            4%         1d1       43%         3
 Hailstorm                Conj/Ice       2%         3d3       43%         3
 Ozocubu's Armour         Ice            2%         N/A       43%         3
 Portal Projectile        Hex/Tloc       4%         N/A       43%         3
 Iskenderun's Mystic Bla  Conj/Tloc      2%         2d3       85%         4
 Metabolic Englaciation   Hex/Ice        1%         N/A       99%         5
 Summon Forest            Summ/Tloc      1%         N/A       99%         5
 Simulacrum               Ice/Necr       1%         N/A       100%        6


Dungeon Overview and Level Annotations

Branches:
Dungeon (4/15)
 Temple: D:4-7

Altars:
Cheibriados
Gozag
Hepliaklqana
Kikubaaqudgha
Okawaru
Sif Muna


Innate Abilities, Weirdness & Mutations

You are immune to sickness and miasma.
Your stone body is resilient. (AC +4)
You are immune to poison.
You resist negative energy. (rN+)
You are resistant to electric shocks. (rElec)
You are resistant to unholy torment.
You are immune to petrification.


Message History

The orc barely misses you.
You hit the ball python.
The ball python is moderately wounded.
The orc wizard barely misses you. The orc hits you with a +0 flail.
The kobold barely misses you. The ball python closely misses you. x2
The orc attacks as you move away! The orc barely misses you.
The kobold hits you but does no damage. The orc attacks as you move away!
The orc hits you but does no damage. The kobold hits you but does no damage.
The orc hits you with a +0 flail. The kobold completely misses you.
The orc attacks as you move away! The orc hits you with a +0 flail. x2
The orc hits you with a +0 flail. The orc hits you but does no damage.
You are too confused!
It was a potion of cancellation.
Your magical effects are unravelling.
You feel magically purged.
You feel less confused.
The orc barely misses you. x2; The orc hits you but does no damage.
As you read the scroll labelled OKKOUCVOKYI, it crumbles to dust.
It is a scroll of identify.
e - 2 scrolls of poison The orc closely misses you.
The orc hits you with a +0 flail.
* * * LOW HITPOINT WARNING * * *
The orc barely misses you.
As you read the scroll labelled HUFFISUUFE, it crumbles to dust.
Magic quickly surges around you.
It was a scroll of vulnerability.
The orc hits you but does no damage. The orc hits you with a +0 flail!
* * * LOW HITPOINT WARNING * * *
The orc misses you.
As you read the scroll labelled YCLESIRERO, it crumbles to dust.
It is a scroll of amnesia.
Really abort (and waste the scroll)?
Okay, then.
The orc barely misses you. x2; The orc closely misses you.
As you read the scroll labelled VOEFAU EFONK, it crumbles to dust.
It is a scroll of brand weapon.
Your +0 dagger crackles with electricity.
a - a +0 dagger of electrocution (weapon)
The orc misses you. The orc hits you with a +0 flail.
You die...

### #..# #...........#......~
#... #..###.............##..~~
##...##..#.....###########....~
#....'##'#.....#....# #....~~
#.........#....# #...~~.
#.......†.#....# #......
#.......KO'....# #......
#......goo#....# #......
#.....oSo@###### #######
###########


You could see an ogre (weak-willed), an orc wizard (weak-willed), 3 orcs, a
goblin (weak-willed), a ball python (weak-willed) and a kobold (weak-willed).

Vanquished Creatures
  An ogre (D:4)
  An adder (D:2)
  2 worms (D:2)
  2 dart slugs (D:2)
  An orc (D:4)
  7 endoplasms
  2 giant cockroaches (D:2)
  7 goblins
  5 hobgoblins
  2 jackals
  3 kobolds
  7 ball pythons
  3 bats
  4 frilled lizards
  9 rats
56 creatures vanquished.

Notes
Turn   | Place    | Note
-------+----------+-------------------------------------------
     0 | D:1      | juan097 the Gargoyle Earth Elementalist began the quest for
                  | the Orb.
     0 | D:1      | Reached XP level 1. HP: 10/10 MP: 3/3
   231 | D:1      | Reached XP level 2. HP: 15/15 MP: 3/5
   404 | D:1      | Reached skill level 4 in Earth Magic
   872 | D:2      | Found a faded altar of an unknown god.
   929 | D:2      | Reached XP level 3. HP: 19/19 MP: 3/6
  1545 | D:2      | Got the Dissertation on Direction
  1694 | D:2      | Learned a level 2 spell: Passwall
  1698 | D:2      | Learned a level 3 spell: Stone Arrow
  1922 | D:2      | Reached skill level 1 in Transmutations
  1922 | D:2      | Reached XP level 4. HP: 24/24 MP: 8/8
  2027 | D:3      | Found a snail-covered altar of Cheibriados.
  2054 | D:3      | Found a hazy altar of Hepliaklqana.
  2064 | D:3      | Found a shimmering blue altar of Sif Muna.
  2064 | D:3      | Found an opulent altar of Gozag.
  2069 | D:3      | Found an ancient bone altar of Kikubaaqudgha.
  2069 | D:3      | Found an iron altar of Okawaru.
  2798 | D:4      | Noticed an ogre
  2935 | D:4      | Killed an ogre
  2936 | D:4      | Reached XP level 5. HP: 28/28 MP: 9/9
  3051 | D:4      | Noticed an ogre
  3072 | D:4      | Slain by an orc

Illustrated notes

Levels and vault maps discovered:
D:1:      sevenhm_arrival_forest_fort_small_4, layout_rooms, serial_bayou_pond_d
D:2:      layout_basic, hellmonk_ecumenical_altar_zigzags
D:3:      layout_basic, old_standard_altar, mainiacjoe_overflow_tiny_flanked,
          grunt_temple_overflow_open
D:4:      minmay_chambers_of_twos, layout_gridville, overflow_temple_1_default,
          grunt_ministairs_12, dk_vineyard_3

Skill      XL: |  1  2  3  4 |
---------------+-------------+-----
Earth Magic    | 4 |  4.8
Stealth        | 3 |  3.9
Transmutations | 1 |  1.6
Spellcasting   | 3 |  3.1
Dodging        | |  1.5

Action                     |  1- 3 |  4- 6 || total
---------------------------+-------+-------++-------
  Melee: Unarmed           |     6 |       ||     6
         Dagger            |       |     3 ||     3
   Cast: Sandblast         |    54 |    19 ||    73
    Use: Scroll            |       |     4 ||     4
         Potion            |       |     1 ||     1
   Stab: Sleeping          |       |     1 ||     1
 Armour: Robe              |    16 |    10 ||    26
  Dodge: Dodged            |    18 |    22 ||    40

Table legend: (Time is in decaauts)
 A = Elapsed time spent in this place.
 B = Non-inter-level travel time spent in this place.
 C = Inter-level travel time spent in this place.
 D = Time resting spent in this place.
 E = Time spent auto-exploring this place.
 F = Levels seen in this place.
 G = Mean time per level.
                   A        B        C        D        E       F      G
               +--------+--------+--------+--------+--------+-----+--------+
         Total |   3117 |   2916 |    201 |      0 |   2448 |   4 |  779.2 |
       Dungeon |   3117 |   2916 |    201 |      0 |   2448 |   4 |  779.2 |
               +--------+--------+--------+--------+--------+-----+--------+

Top non-repeatable levels by time:
     D:2: 1264 daAuts
     D:3: 893 daAuts
     D:1: 724 daAuts
     D:4: 235 daAuts
